 Dungeon Crawl Stone Soup version 0.23-a0-241-g3b46b07 (webtiles) character file.

3333 mandick the Skirmisher (level 10, 0/63 HPs)
             Began as a Gargoyle Gladiator on Sept 26, 2018.
             Was a Follower of Makhleb.
             Slain by a demonic crawler (6 damage)
             ... summoned by a deep elf mage
             ... in a bailey.
             The game lasted 00:29:17 (7817 turns).

mandick the Skirmisher (Gargoyle Gladiator)         Turns: 7817, Time: 00:29:18

Health: 0/63       AC: 14    Str: 20    XL:     10   Next: 2%
Magic:  10/10      EV: 11    Int: 10    God:    Makhleb [*.....]
Gold:   322        SH: 15    Dex: 11    Spells: 9/9 levels left

rFire    . . .     SeeInvis .   C - +5 hand axe
rCold    + + .     Gourm    .   G - +0 shield
rNeg     + . .     Faith    .   R - +2 robe {rC+}
rPois    ∞         Spirit   .   c - +0 helmet
rElec    +         Reflect  +   T - +1 cloak
rCorr    .         Harm     .   (no gloves)
MR       .....                  (no boots)
Stlth    ++........             M - +5 amulet of reflection
HPRegen  0.20/turn              w - ring of protection from cold
MPRegen  0.12/turn              A - ring of stealth

@: no status effects
A: negative energy resistance 1, electricity resistance, unbreathing,
petrification resistance, rot immunity, AC +7
a: Renounce Religion


You were in a bailey.
You worshipped Makhleb.
Makhleb was aware of your devotion.
You were not hungry.

You visited 2 branches of the dungeon, and saw 9 of its levels.
You also visited: Bailey.

You collected 322 gold pieces.

Inventory:

Hand Weapons
 a - a +0 war axe
 y - a +0 blowgun
 C - a +5 hand axe (weapon)
 K - a +2 long sword of draining
 N - a +4 great sword
 O - a cursed +5 falchion
Missiles
 d - 4 throwing nets
 n - 5 javelins of returning (quivered)
 t - 3 curare-tipped needles
 z - 11 poisoned needles
Armour
 b - a +0 leather armour
 c - a +0 helmet (worn)
 D - a +0 leather armour
 G - a +0 shield (worn)
 R - a +2 robe of cold resistance (worn)
 T - a +1 cloak (worn)
Jewellery
 p - an uncursed amulet of harm
 v - an uncursed ring of fire
 w - a ring of protection from cold (left hand)
 A - a ring of stealth (right hand)
 H - an uncursed ring of protection from cold
 M - a +5 amulet of reflection (around neck)
Wands
 g - a wand of iceblast (9)
Scrolls
 e - a scroll of amnesia {unknown}
 h - 4 scrolls of immolation
 j - a scroll of enchant weapon
 l - 3 scrolls of noise
 u - 5 scrolls of teleportation
 x - 3 scrolls of remove curse
 I - a scroll of magic mapping {unknown}
 J - a scroll of blinking {unknown}
 L - 6 scrolls of identify
 Q - a scroll of enchant armour {unknown}
 U - a scroll of holy word {unknown}
Potions
 i - 3 potions of magic
 k - 4 potions of flight
 m - 2 potions of lignification {unknown}
 o - a potion of resistance {unknown}
 q - a potion of degeneration {unknown}
 r - 2 potions of mutation
 s - 2 potions of agility {unknown}
 B - a potion of might
 E - 3 potions of curing {unknown}
 F - 3 potions of haste {unknown}
 P - a potion of berserk rage {unknown}
Comestibles
 f - 6 rations


   Skills:
 + Level 7.6 Fighting
 + Level 6.6 Axes
 + Level 6.3 Throwing
 + Level 3.6 Armour
 - Level 3.4 Dodging
 + Level 6.3 Shields


You had 9 spell levels left.
You didn't know any spells.
Your spell library contained the following spells:

 Spells                   Type           Power        Failure   Level  Hunger
 Animate Skeleton         Necr           N/A          75%         1    ##.....
 Apportation              Tloc           #.....       75%         1    ##.....
 Confusing Touch          Hex            #.....       75%         1    ##.....
 Corona                   Hex            #......      75%         1    ##.....
 Summon Small Mammal      Summ           #...         75%         1    ##.....
 Ensorcelled Hibernation  Hex/Ice        #.....       87%         2    ###....
 Confuse                  Hex            #.......     98%         3    ####...
 Dazzling Spray           Conj/Hex       #.....       98%         3    ####...
 Tukima's Dance           Hex            #.......     98%         3    ####...


Dungeon Overview and Level Annotations

Branches:
Dungeon (8/15)             Temple (1/1) D:5
   Lair: D:8-11

Altars:
Ashenzari
Cheibriados
Elyvilon
Fedhas
Gozag
Kikubaaqudgha
Makhleb
Qazlal
Sif Muna
Vehumet
Wu Jian
Xom
The Shining One

Shops:
D:6 *


Innate Abilities, Weirdness & Mutations

You are resistant to torment.
Your stone body is resilient. (AC +7)
You are immune to poison.
You resist negative energy. (rN+)
You are resistant to electric shocks. (rElec)
You can survive without breathing.
You are immune to petrification.
You are immune to rotting.


Message History

The demonic crawler hits you.
* * * LOW HITPOINT WARNING * * *
You block the demonic crawler's attack. x2
The demonic crawler hits you but does no damage.
The demonic crawler hits you.
* * * LOW HITPOINT WARNING * * *
You slash the demonic crawler!
The demonic crawler is heavily wounded.
The demonic crawler hits you but does no damage.
The demonic crawler closely misses you. You block the demonic crawler's attack.
You hit the demonic crawler.
The demonic crawler is heavily wounded.
You block the demonic crawler's attack. x2; The demonic crawler hits you!
* * * LOW HITPOINT WARNING * * *
You hit the demonic crawler but do no damage.
The demonic crawler is heavily wounded.
The demonic crawler barely misses you. The demonic crawler closely misses you.
The demonic crawler barely misses you. You block the demonic crawler's attack.
The demonic crawler hits you.
You die...

#rEe.#e...#
#####e#####
##...§#§...##
#...§.#.....#
#.e§..#..∩..#
#.§...#.....#
+##...###...##
##.s######'##..#
#...@##.).##
...#
#....#.....#
...#
##..##..∩..#
..## ######...##
### #####


You could see a demonic crawler.

Vanquished Creatures
  Pikel (D:5)
  A deep elf mage (Bailey)
  Sigmund (D:6)
  A hungry ghost (D:7)
  An orc warrior (D:6)
  A phantom (D:5)
  A sky beast (D:6)
  4 slaves
  An ogre (D:5)
  A bullfrog (D:7)
  A gnoll sergeant (D:4)
  A water moccasin skeleton (D:7)
  The ghost of Tovarisch the Shield-Bearer, a weakling FoFi (D:3)
  5 wights
  3 howler monkeys
  A centaur zombie (D:5)
  2 bullfrog zombies
  4 hounds
  An iron imp (D:5)
  An orc priest (D:4)
  2 orc wizards
  A bullfrog skeleton (D:7)
  3 iguanas
  5 worker ants
  A hound zombie (D:5)
  8 gnolls
  A howler monkey skeleton (D:7)
  7 adders
  A hound simulacrum (D:3)
  A shadow imp (D:6)
  A howler monkey simulacrum (D:3)
  An ooze (D:7)
  An adder zombie (D:8)
  2 adder skeletons
  2 worms (D:3)
  3 adder simulacra (D:3)
  2 dart slugs
  3 leopard geckos
  20 orcs
  4 giant cockroaches
  9 goblins
  13 hobgoblins
  3 jackals (D:3)
  A quokka (D:2)
  2 ball python skeletons (D:4)
  7 bats
  7 frilled lizards
  A giant cockroach simulacrum (D:3)
  7 kobolds
  A quokka zombie (D:6)
  11 rats
164 creatures vanquished.

Vanquished Creatures (others)
  A deep elf mage (Bailey)
1 creature vanquished.

Grand Total: 165 creatures vanquished

Notes
Turn   | Place    | Note
-------+----------+-------------------------------------------
     0 | D:1      | mandick the Gargoyle Gladiator began the quest for the Orb.
     0 | D:1      | Reached XP level 1. HP: 12/12 MP: 1/1
   113 | D:1      | Reached XP level 2. HP: 13/18 MP: 2/2
   913 | D:2      | Reached XP level 3. HP: 22/22 MP: 3/3
  1738 | D:2      | Found a glowing golden altar of the Shining One.
  1966 | D:3      | Noticed Tovarisch's ghost (weakling FoFi)
  1975 | D:3      | Reached XP level 4. HP: 25/27 MP: 4/4
  2026 | D:3      | Reached skill level 3 in Fighting
  2038 | D:3      | Found a runed gate.
  2039 | D:3      | Found a runed gate.
  2040 | D:3      | Found a runed gate.
  2124 | D:3      | Found a deep blue altar of Sif Muna.
  2384 | D:3      | Reached XP level 5. HP: 14/32 MP: 5/5
  2393 | D:3      | Found a radiant altar of Vehumet.
  2853 | D:3      | Killed Tovarisch's ghost
  3131 | D:4      | Reached XP level 6. HP: 31/38 MP: 6/6
  3234 | D:4      | Reached skill level 4 in Fighting
  3866 | D:5      | Entered Level 5 of the Dungeon
  3920 | D:5      | Reached skill level 1 in Shields
  4184 | D:4      | Reached XP level 7. HP: 25/44 MP: 7/7
  4588 | D:5      | Found a staircase to the Ecumenical Temple.
  4641 | Temple   | Entered the Ecumenical Temple
  4663 | Temple   | Became a worshipper of Makhleb the Destroyer
  4998 | D:5      | Reached skill level 5 in Fighting
  5121 | D:5      | Found a snail-covered altar of Cheibriados.
  5161 | D:5      | Found a shattered altar of Ashenzari.
  5236 | D:5      | Found a shattered altar of Ashenzari.
  5363 | D:6      | Reached XP level 8. HP: 39/49 MP: 8/8
  5652 | D:6      | Reached skill level 5 in Axes
  5678 | D:6      | Found Fadghos's General Store.
  5727 | D:6      | Found a stormy altar of Qazlal.
  5767 | D:6      | Noticed Pikel
  5771 | D:6      | Noticed Sigmund
  5815 | D:5      | Killed Pikel
  5815 | D:5      | Reached skill level 6 in Fighting
  5815 | D:5      | Reached skill level 5 in Throwing
  5835 | D:6      | Killed Sigmund
  5835 | D:6      | Reached XP level 9. HP: 45/56 MP: 9/9
  5928 | D:6      | Reached skill level 5 in Shields
  5978 | D:6      | Reached skill level 1 in Armour
  6017 | D:6      | Found an ornate altar of the Wu Jian Council.
  6441 | D:7      | Reached * piety under Makhleb
  6778 | D:7      | Reached skill level 7 in Fighting
  6828 | D:7      | Found a white marble altar of Elyvilon.
  7646 | D:8      | Found a flagged portal.
  7657 | Bailey   | Entered a bailey
  7764 | Bailey   | Noticed a deep elf mage
  7776 | Bailey   | Killed a deep elf mage
  7790 | Bailey   | Noticed a deep elf mage
  7791 | Bailey   | Noticed a deep elf mage
  7791 | Bailey   | Noticed a deep elf mage
  7791 | Bailey   | Noticed a deep elf mage
  7792 | Bailey   | Noticed a deep elf mage
  7802 | Bailey   | Noticed a demonic crawler
  7803 | Bailey   | Noticed a deep elf mage
  7805 | Bailey   | Killed a deep elf mage
  7805 | Bailey   | Reached XP level 10. HP: 34/63 MP: 10/10
  7817 | Bailey   | Slain by a demonic crawler

Vault maps used:
D:1:      dpeg_arrival_short_road, minmay_misc_feat_roman
D:2:      lemuel_doored_altar
D:3:      kennysheep_big_flooded_room, vehumet_crystals, lemuel_crystal_altar,
          first_ration, gammafunk_ghost_icy
D:5:      slow_altar_1, cheibrodos_ashenzari_chains, minmay_temple_entry_glass,
          basic_altar, nicolae_underground_beach
D:6:      kennysheep_little_box, grunt_qazlal_sundering, serial_shops,
          nicolae_shop_temple_entry_statues_fountains, serial_corexii_hall,
          corexii_hall_statues_deadend, corexii_hall_statues_l,
          corexii_hall_statues_x, corexii_hall_statues_i,
          corexii_hall_statues_l, corexii_hall_statues_i, uniq_sigmund,
          uniq_pikel
D:7:      elyvilon_altar_5
D:8:      lair_entry_dummy, enter_bailey_8
Temple:   regret_index_temple_waves
Bailey:   bailey_polearm_3, bailey

Skill      XL: |  1  2  3  4  5  6  7  8  9 |
---------------+----------------------------+-----
Throwing       | 2 3 4 5 6 |  6.3
Axes           | 3 4 5 6 |  6.6
Fighting       | 3 4 5 6 7 |  7.6
Dodging        | 3 |  3.4
Shields        | 1 3 4 6 |  6.3
Armour         | 3 |  3.6

Action                   |  1- 3 |  4- 6 |  7- 9 | 10-12 || total
-------------------------+-------+-------+-------+-------++-------
Melee: War axe           |   116 |   115 |       |       ||   231
       Hand axe          |       |    97 |   331 |     7 ||   435
Throw: Javelin           |       |       |     5 |       ||     5
  Use: Scroll            |       |     8 |       |       ||     8
       Potion            |       |     3 |       |       ||     3
 Stab: Sleeping          |       |     2 |     2 |       ||     4
       Distracted        |       |     1 |     1 |       ||     2
  Eat: Chunk             |     3 |     4 |     6 |       ||    13
       Ration            |       |     1 |     3 |       ||     4
Armor: Leather armour    |    55 |    88 |    49 |       ||   192
       Robe              |       |       |    37 |     9 ||    46
Dodge: Dodged            |    92 |   128 |   103 |     5 ||   328
Block: Shield            |       |    37 |   233 |    16 ||   286
       Reflection        |       |       |     3 |       ||     3

Table legend:
 A = Non-vault XP
 B = Vault XP
 C = Vault XP percentage of total XP
 D = Non-vault monster count
 E = Vault monster count
 F = Vault count percentage of total count
                 A         B        C        D         E       F
            +---------+---------+-------+---------+---------+-------
      Total |    2561 |    2201 |  46.2 |     147 |      14 |   8.7
            +---------+---------+-------+---------+---------+-------
        D:1 |      31 |       0 |   0.0 |      17 |       0 |   0.0
        D:2 |      45 |       0 |   0.0 |      21 |       0 |   0.0
        D:3 |     134 |     107 |  44.4 |      33 |       9 |  21.4
        D:4 |     253 |       0 |   0.0 |      19 |       0 |   0.0
        D:5 |     604 |     685 |  53.1 |      14 |       2 |  12.5
        D:6 |     669 |     231 |  25.7 |      16 |       1 |   5.9
        D:7 |     777 |       0 |   0.0 |      24 |       0 |   0.0
        D:8 |      48 |       0 |   0.0 |       3 |       0 |   0.0
     Bailey |       0 |    1178 | 100.0 |       0 |       2 | 100.0
            +---------+---------+-------+---------+---------+-------
